 Dungeon Crawl Stone Soup version 0.19.1 (webtiles) character file.

717 Keat the Shield-Bearer (level 8, -24/60 HPs)
             Began as a Human Fighter on Dec 21, 2016.
             Killed from afar by CakeIsGreat's ghost (25 damage)
             ... with a stone arrow
             ... on level 5 of the Dungeon.
             The game lasted 00:31:58 (3775 turns).

Keat the Shield-Bearer (Human Fighter)              Turns: 3775, Time: 00:31:59

Health: -24/60     AC: 10    Str: 17    XL:     8   Next: 1%
Magic:  8/8        EV:  9    Int: 11    God:
Gold:   200        SH: 10    Dex: 15    Spells: 0 memorised, 7 levels left

rFire  . . .     SeeInvis .     g - +2 spear (venom)
rCold  . . .     Gourm    .     I - +3 ring mail "Giulinas" {rPois Stlth+}
rNeg   + . .     Faith    .     c - +0 shield
rPois  +         Spirit   .     (no helmet)
rElec  .         Reflect  .     (no cloak)
rCorr  .         Harm     .     r - +0 pair of gloves
MR     .....                    (no boots)
Stlth  ++........               (no amulet)
                                J - +3 ring of intelligence
                                w - ring of positive energy

@: no status effects
A: no striking features
a: no special abilities


You were on level 5 of the Dungeon.
You were not hungry.

You visited 1 branch of the dungeon, and saw 5 of its levels.
You also visited: Ossuary.

You collected 200 gold pieces.

Inventory:

Hand Weapons
 a - a +0 long sword
 g - a +2 spear of venom (weapon)
 A - a +0 halberd
 H - a +0 glaive
Armour
 b - a +0 scale mail
 c - a +0 shield (worn)
 p - a +1 ring mail of cold resistance
 r - a +0 pair of gloves (worn)
 s - a +0 ring mail
 u - a +0 pair of gloves
 x - a +0 buckler
 G - the +0 leather armour "Saluugh" {-Tele rElec MR+ MP+9, unknown}
   (You found it on level 4 of the Dungeon)

   It insulates you from electricity.
   It affects your resistance to hostile enchantments.
   It affects your magic capacity (+9).
   It prevents most forms of teleportation.
 I - the +3 ring mail "Giulinas" (worn) {rPois Stlth+}
   (You found it on level 4 of the Dungeon)

   It protects you from poison.
   It makes you more stealthy.
Jewellery
 w - a ring of positive energy (left hand)
 J - a +3 ring of intelligence (right hand)
Wands
 y - a wand of lightning (0/15)
Scrolls
 e - 4 scrolls of remove curse
 j - a scroll of magic mapping {unknown}
 l - 2 scrolls of recharging
 o - a scroll of enchant armour {unknown}
 z - a scroll of fear
 D - a scroll of acquirement {unknown}
 K - 2 scrolls of fog
Potions
 d - a potion of might
 h - a potion of berserk rage {unknown}
 i - a potion of cancellation {unknown}
 k - a potion of invisibility {unknown}
 m - 2 potions of flight
 q - a potion of haste {unknown}
 t - 3 potions of degeneration {unknown}
 v - a potion of ambrosia {unknown}
 B - 2 potions of curing {unknown}
 F - 2 potions of brilliance {unknown}
Comestibles
 f - 5 bread rations
 n - 3 fruits
 C - a beef jerky
 E - a slice of pizza


   Skills:
 + Level 3.8 Fighting
 + Level 2.4 Long Blades
 + Level 4.8 Polearms
 + Level 4.2 Armour
 + Level 2.0 Dodging
 + Level 0.7 Stealth
 + Level 5.1 Shields


You had 7 spell levels left.
You didn't know any spells.

Dungeon Overview and Level Annotations

Branches:
Dungeon (5/15)
 Temple: D:4-7

Altars:
Okawaru
Yredelemnul

Annotations:
D:5 CakeIsGreat's ghost, novice GrEE


Message History

The hound is severely wounded.
The hound bites you but does no damage.
You closely miss the hound.
The hound is severely wounded.
The hound bites you but does no damage.
Zapping:
y - a wand of lightning {zapped: 8} (will waste charges)
Press: ? - help, Shift-Dir - straight line, f/p - CakeIsGreat's ghost
Aim: CakeIsGreat's ghost (moderately damaged) Nothing appears to happen.
The hound bites you but does no damage. The hound bites you.
* * * LOW HITPOINT WARNING * * *
Unknown command.
As you read the scroll of fear, it crumbles to dust.
You assume a fearsome visage.
The hound looks frightened!
CakeIsGreat's ghost is unaffected.
CakeIsGreat's ghost hits you.
* * * LOW HITPOINT WARNING * * *
CakeIsGreat's ghost gestures at you while chanting.
The stone arrow hits you!
You die...

####.......... .........##..##
####.###.##..# .............#
.## .............###
######....#
.....###.......#####.......#
..##.##.....##.#.W...h.....#
.........#..##.#.#............
...#.##.....##..@..###.##...#.
.....##..#..................#
#........#.###.#....##.##.....
#..####........#....##.# ..##
........##.###.#........ ..
#.########.# ..#....... #.#
#.# #.......... #.# #.#
#....#.##.# ### ### ##


You could see a hound (fleeing) and CakeIsGreat's ghost.

Vanquished Creatures
  A wraith (Ossuary)
  An ogre (D:5)
  A bullfrog zombie (D:5)
  5 hounds
  2 orc wizards
  2 worker ants (D:5)
  A mummy (Ossuary)
  A howler monkey skeleton (D:4)
  7 adders
  2 adder skeletons
  2 worms (D:2)
  2 dart slugs
  4 leopard geckos
  8 orcs
  A ball python (D:3)
  3 giant cockroaches
  8 goblins
  6 hobgoblins
  11 jackals
  2 quokkas
  4 bats
  5 frilled lizards
  A gnoll skeleton (Ossuary)
  8 kobolds
  9 kobold skeletons (Ossuary)
  15 orc skeletons (Ossuary)
  A quokka skeleton (D:4)
  10 rats
123 creatures vanquished.

Notes
Turn   | Place    | Note
-------+----------+-------------------------------------------
     0 | D:1      | Keat the Human Fighter began the quest for the Orb.
     0 | D:1      | Reached XP level 1. HP: 18/18 MP: 1/1
   217 | D:1      | Reached XP level 2. HP: 20/24 MP: 2/2
   487 | D:1      | Reached XP level 3. HP: 22/29 MP: 3/3
  1066 | D:2      | Reached XP level 4. HP: 35/35 MP: 4/4
  1491 | D:3      | Reached skill level 1 in Polearms
  1604 | D:3      | Reached XP level 5. HP: 41/41 MP: 5/5
  2067 | D:3      | Reached skill level 1 in Dodging
  2084 | D:3      | Found an iron altar of Okawaru.
  2257 | D:4      | Found a basalt altar of Yredelemnul.
  2306 | D:4      | Got a blackened leather armour
  2485 | D:4      | Got a distressingly furry ring mail
  2684 | D:4      | Reached skill level 4 in Shields
  2684 | D:4      | Reached XP level 6. HP: 47/47 MP: 6/6
  2845 | D:4      | Found a sand-covered staircase.
  2858 | Ossuary  | Entered an ossuary
  2858 | Ossuary  | Noticed a wraith
  2858 | Ossuary  | Noticed a wraith
  2858 | Ossuary  | Noticed a wraith
  3098 | Ossuary  | Noticed a wraith
  3128 | Ossuary  | Killed a wraith
  3128 | Ossuary  | Reached XP level 7. HP: 35/52 MP: 7/7
  3158 | Ossuary  | Identified the +3 ring mail "Giulinas" {rPois Stlth+} (You found it on level 4 of the Dungeon)
  3455 | D:5      | Entered Level 5 of the Dungeon
  3552 | D:5      | Reached skill level 5 in Shields
  3706 | D:5      | Reached XP level 8. HP: 49/60 MP: 8/8
  3733 | D:5      | Noticed CakeIsGreat's ghost (novice GrEE)
  3774 | D:5      | HP: 1/60 [CakeIsGreat's ghost (5)]
  3775 | D:5      | Killed from afar by CakeIsGreat's ghost

Skill      XL: |  1  2  3  4  5  6  7 |
---------------+----------------------+-----
Polearms       | 1 2 3 4 |  4.8
Dodging        | 1 2 |  2.0
Shields        | 4 5 |  5.1
Armour         | 4 |  4.2
Fighting       | |  3.8
Long Blades    | |  2.4
Stealth        | |  0.7

Action                   |  1- 3 |  4- 6 |  7- 9 || total
-------------------------+-------+-------+-------++-------
Melee: Long sword        |    13 |       |       ||    13
       Spear             |   105 |   261 |   108 ||   474
Evoke: Wand              |       |     1 |     2 ||     3
  Use: Scroll            |     4 |    11 |     4 ||    19
       Potion            |       |     2 |     2 ||     4
  Eat: Meat ration       |     1 |     1 |       ||     2
Armor: Scale mail        |    39 |    83 |       ||   122
       Ring mail         |       |       |    31 ||    31
Dodge: Dodged            |    31 |    73 |    21 ||   125
Block: Shield            |    46 |   116 |    43 ||   205
       Rpst.: Long sword |     2 |       |       ||     2
